Map: King's Cove LE

Players

wootwoot - Winner!

  • Race: Terran Terran
  • League: Diamond
  • Spawn Location: 11:00

Icygoose

  • Race: Protoss Protoss
  • League: Diamond
  • Spawn Location: 5:00

VOD

Have the link to the VOD?

Description

Time

  • Played on: April 22, 2025, 5:05 a.m.
  • Length: 3:45
Show
View Real Time Build Order
Export as new Build Order

wootwoot Terran - Winner!

Build Orders:  

Get SALT Encoding   

  12  0:00  SCV  
  13  0:12  SCV  
  14  0:18  Supply Depot  
  14  0:24  SCV  
  15  0:40  SCV  
  16  0:49  Barracks  
  16  0:57  Barracks  
  16  1:10  Barracks  
  16  1:35  Marine  
  17  1:44  Marine  
  17  1:51  Orbital Command  
  17  1:54  Marine  
  17  2:02  Marine  
  17  2:10  Refinery x2  
  16  2:23  SCV  
  17  2:35  SCV  
  18  2:37  Marine x2  
  20  2:47  SCV  
  21  2:55  Marine x2  
  23  2:59  Factory  
  23  3:03  Supply Depot  
  23  3:08  SCV  
  23  3:19  Marine  
  23  3:24  Marine  
  23  3:25  SCV  
  26  3:43  Factory  
Show
View Real Time Build Order
Export as new Build Order

Icygoose Protoss 

Build Orders:  

Get SALT Encoding   

  1  0:00  Probe  
  12  0:05  Probe  
  14  0:20  Pylon  
  14  0:21  Probe  
  15  0:38  Probe  
  15  0:41  Forge  
  16  0:50  Probe  
  17  1:00  Probe  
  18  1:08  Probe  
  18  1:16  Gateway  
  19  1:22  Probe  
  19  1:31  Pylon  
  19  1:33  Pylon  
  19  1:34  Probe  
  20  1:46  Probe  
  21  1:50  Photon Cannon  
  21  1:55  Photon Cannon  
  21  2:01  Probe  
  22  2:05  Assimilator  
  20  2:22  Probe  
  20  2:24  Zealot  
  22  2:30  Cybernetics Core  
  22  2:39  Photon Cannon  
  22  2:51  Photon Cannon  
  22  2:58  Stalker  
  22  3:02  Nexus  
  20  3:32  Shield Battery  
Tags
 
Add a new tag
Caveats
  • Supply blocks, unpowered buildings, or Contaminate may cause inaccurate times.
  • Supply counts are checked every 10 seconds.